cohdb
Replays
Latest Replays
All Replays
Popular Replays
Top Player Replays
Match Explorer
How It Works
Community
CoH3 Stats
Reddit
Sign in to upload your games and track your stats! →
Sign in with Steam
Match 45652873
Unlisted
Match 45652873
Overview
Messages
Build Orders
End
Kettenkrad Recon Vehicle
Selects Mechanized Battlegroup
Construct Infanterie Kompanie
Grenadier Squad
Construct Panzergrenadier Kompanie
Selects Spotting Scopes
Panzergrenadier Squad
Pak 40 Anti-tank Gun Team
Panzergrenadier Officer Quarters
Panzergrenadier Squad
Medical Station
251 Medium Carrier
Selects Wespe Self-propelled Artillery
Wespe Self-propelled Artillery
Selects Zeroing Artillery Barrage
Selects Raid Package
MG 42 Bunker
Panzergrenadier Squad
Panzergrenadier Squad
Selects 8 Rad Armored Car
Selects UNKNOWN (2160084)
Construct Panzer Kompanie
Panther Heavy Tank
Panther Heavy Tank
Zeroing Artillery Barrage
Repair Bunker
Panther Heavy Tank
Noitatohtori
[AOD]_GIL
livaï
NaskoczMi
A_Smoove
The_Honey_Bear
JDASCWQAD
AP希尔
0
0
Comments
sign in to comment!
No comments posted yet!